AoeStats
← Laszlo

Oasis

509251802Analyzed
2v2 RM · 6d ago on Sep 26, 2026· 49m 16s· 4 players
Game mode
Random Map
Map size
Medium (4 player)
Population
200
Speed
Normal
Resources
Standard
Victory
Conquest
Starting age
Dark Age
Ending age
Imperial Age
RankedLock teamsTeams togetherTeam positionsShared explorationLock speedFull tech treeHidden civsTurbo modeCheats
Victory
Defeat
🇺🇸 Turks · United States
972
+15
🇦🇷 Malay · Argentina
916
+19
🇦🇷 Romans · Argentina
960
-49
🇷🇸 Byzantines · Serbia
957
-49
Laszlo
7:30 Loom
9:46 Feudal Age
10:26 Double-Bit Axe
11:00 Horse Collar
18:48 Fletching
18:58 Padded Archer Armor
24:22 Castle Age
26:01 Wheelbarrow
25:42 Stone Mining
25:42 Gold Mining
25:48 Gold Mining
25:23 Elite Skirmisher
26:58 Hand Cart
26:27 Pikeman
28:32 Bodkin Arrow
28:52 Leather Archer Armor
30:18 Heavy Plow
30:35 Bow Saw
36:46 Imperial Age
36:07 Thumb Ring
36:15 Squires
37:23 Onager
39:28 Two-Man Saw
39:16 Crop Rotation
40:36 Bracer
41:07 Ring Archer Armor
41:04 Ballistics
41:45 Chemistry
46:53 Conscription
46:29 Elite Cataphract
Ginóbili the GOAT
5:22 Loom
11:08 Feudal Age
11:53 Double-Bit Axe
12:46 Wheelbarrow
11:54 Horse Collar
21:10 Castle Age
19:23 Gold Mining
19:52 Stone Mining
22:26 Bow Saw
25:58 Hand Cart
26:47 Heavy Plow
32:52 Forging
32:48 Scale Barding Armor
38:35 Imperial Age
36:32 Husbandry
37:49 Gold Shaft Mining
39:40 Cavalier
41:00 Iron Casting
40:47 Chain Barding Armor
41:03 Crop Rotation
41:19 Conscription
42:01 Light Cavalry
42:52 Bloodlines
46:22 Caravan
48:43 Blast Furnace
48:19 Plate Barding Armor
psh30062
7:47 Loom
9:41 Feudal Age
18:46 Castle Age
17:39 Double-Bit Axe
17:37 Horse Collar
17:50 Stone Mining
17:53 Gold Mining
22:48 Bow Saw
24:35 Heavy Plow
26:51 Gold Shaft Mining
31:26 Imperial Age
29:40 Wheelbarrow
29:28 Town Watch
31:09 Hand Cart
32:46 Bloodlines
32:42 Husbandry
33:40 Town Patrol
39:35 Two-Man Saw
38:56 Scale Barding Armor
39:02 Forging
40:50 Parthian Tactics
39:46 Heavy Cavalry Archer
40:31 Thumb Ring
42:39 Artillery
43:47 Iron Casting
43:02 Fletching
43:33 Chain Barding Armor
43:14 Padded Archer Armor
43:51 Ballistics
43:43 Masonry
43:13 Treadmill Crane
44:07 Sipahi
45:47 Bodkin Arrow
46:53 Blast Furnace
47:49 Plate Barding Armor
47:15 Bracer
47:30 Leather Archer Armor
villagers-problems
7:54 Loom
12:07 Feudal Age
13:19 Wheelbarrow
12:31 Double-Bit Axe
13:37 Horse Collar
21:21 Castle Age
19:32 Gold Mining
20:32 Stone Mining
21:14 Hand Cart
21:37 Gold Shaft Mining
21:20 Bow Saw
21:35 Heavy Plow
24:28 Stone Shaft Mining
31:34 Imperial Age
29:21 Forging
28:53 Treadmill Crane
29:23 Masonry
29:31 Scale Barding Armor
30:43 Husbandry
30:05 Pikeman
30:45 Squires
32:38 Crop Rotation
32:46 Iron Casting
32:03 Fletching
32:13 Padded Archer Armor
33:59 Ballistics
34:29 Elite Karambit Warrior
35:29 Conscription
34:38 Man-at-Arms
35:05 Arson
34:45 Light Cavalry
36:27 Blast Furnace
36:37 Murder Holes
37:43 Chemistry
36:23 Long Swordsman
36:26 Halberdier
37:18 Forced Levy
37:26 Bodkin Arrow
37:46 Leather Archer Armor
37:35 Town Watch
37:22 Two-Handed Swordsman
38:29 Town Patrol
39:03 Bracer
39:34 Ring Archer Armor
38:38 Elite Battle Elephant
40:29 Redemption
40:17 Crossbowman
41:05 Thumb Ring
40:21 Elite Skirmisher
42:47 Arbalester
Connection lost

Rejoining the realm…

Still unreachable

The connection could not be restored.

Session expired

The server has moved on; the page needs a fresh start.